 Dungeon Crawl Stone Soup version 0.29.0-4-gdea44cf6ec (webtiles) character file.

Game seed: 2185617546578846220

46484 qw the Warrior (level 14, 0/140 HPs)
             Began as a Minotaur Berserker on Sept 7, 2022.
             Was an Elder of Trog.
             Slain by a death yak (2 damage)
             ... while petrified by a basilisk
             ... on level 5 of the Lair of Beasts.
             The game lasted 00:06:40 (23728 turns).

qw the Warrior (Minotaur Berserker)                Turns: 23728, Time: 00:06:40

Health: 0/140      AC: 28    Str: 25    XL:     14   Next: 5%
Magic:  13/13      EV:  2    Int:  4    God:    Trog [****..]
Gold:   1278       SH:  0    Dex: 12    Spells: 13/13 levels left

rFire   . . .      SeeInvis .   e - +1 war axe
rCold   . . .      Faith    .   (no shield)
rNeg    + + +      Spirit   .   p - +0 plate armour
rPois   inf        Reflect  .   (helmet restricted)
rElec   .          Harm     .   n - +0 cloak
rCorr   .          Rampage  .   d - +0 pair of gloves
Will    +....                   s - +2 pair of boots {Stlth+}
Stlth   ..........              c - amulet of the acrobat
HPRegen 0.33/turn               q - +4 ring of protection
MPRegen 0.13/turn               u - +4 ring of evasion

@: about to teleport, petrified, on berserk cooldown, slowed
A: horns 2, retaliatory headbutt
a: Renounce Religion, Berserk, Trog's Hand, Brothers in Arms


You were on level 5 of the Lair of Beasts.
You worshipped Trog.
Trog was greatly pleased with you.
You visited 2 branches of the dungeon, and saw 16 of its levels.

You collected 1525 gold pieces.
You spent 247 gold pieces at shops.


Innate Abilities, Weirdness & Mutations

You have a pair of horns on your head.
You reflexively headbutt those who attack you in melee.


   Skills:
 - Level 17.0 Fighting
 - Level 16.0 Axes
 - Level 4.2 Throwing
 - Level 16.0 Armour
 + Level 7.4 Dodging


You had 13 spell levels left.
You didn't know any spells.
Your spell library was empty.

Inventory:

Hand Weapons
 b - a +0 morningstar
 e - a +1 war axe (weapon)
Missiles
 a - 5 boomerangs (quivered)
Armour
 d - a +0 pair of gloves (worn)
 n - a +0 cloak (worn)
 p - a +0 plate armour (worn)
 s - a +2 pair of boots of stealth (worn)
Jewellery
 c - an amulet of the acrobat (around neck)
 q - a +4 ring of protection (left hand)
 t - an amulet of regeneration
 u - a +4 ring of evasion (right hand)
Scrolls
 f - 6 scrolls of identify
Potions
 g - 2 potions of resistance
 j - 3 potions of mutation
 k - 8 potions of curing
 l - 3 potions of haste
 m - a potion of might

Dungeon Overview and Level Annotations

Branches:
Dungeon (11/15)            Temple (0/1) D:5            Lair (5/5) D:11
 Shoals (0/4) Lair:2       Spider (0/4) Lair:2          Orc (0/2) D:11
  Slime: Lair:4-5

Altars:
Ashenzari
Cheibriados
Elyvilon
Gozag
Hepliaklqana
Kikubaaqudgha
Nemelex Xobeh
Okawaru
Qazlal
Sif Muna
Trog
Uskayaw
Vehumet
Xom
Zin
The Shining One

Shops:
D:9 !

Annotations:
D:8 2 transporters


Message History

You hit the death yak. You barely miss the basilisk. The death yak gores you!
The basilisk bites you! The death yak gores you!
You have turned to stone.
The basilisk gazes at you.
You easily resist.
The death yak gores you but does no damage.
The basilisk gazes at you.
The death yak gores you but does no damage.
The basilisk bites you but does no damage.
The death yak gores you! The basilisk bites you! The basilisk gazes at you.
You easily resist.
The death yak gores you but does no damage.
The basilisk barely misses you. The death yak barely misses you.
The basilisk bites you.
The death yak gores you but does no damage. x2
The basilisk hisses menacingly.
The basilisk bites you but does no damage.
The death yak gores you. x2
The basilisk bites you but does no damage.
The death yak gores you but does no damage.
The death yak gores you! The basilisk bites you. The death yak gores you. x2
You turn to flesh and can move again.
23726 ||| READING scroll of teleportation.
As you read the scroll of teleportation, it crumbles to dust.
You feel strangely unstable. The basilisk gazes at you.
You are slowing down.
The death yak gores you but does no damage.
The death yak closely misses you. The basilisk gazes at you.
Your limbs have turned to stone.
You have turned to stone.
The death yak gores you but does no damage.
The death yak gores you! The basilisk gazes at you.
The death yak gores you but does no damage.
The death yak gores you.
You die... ............ .# #. ............ ... .. ..#.P.#..#. #.# #. #..... ... ..... #..###.#. #.#. ##.#...#.. .Sl

#######....#.#.#
.#.#.#Y##.#..#...#.....#
......Y@.........#.....#
.#.#.#l#.........#.#....
.........##.....#...#
#.#.#....###........#
.........## #....#....
..........####...###..#
...............#........
...............#P.....#.
.........................


You could see 2 death yaks, a komodo dragon, a basilisk and a water moccasin.

Vanquished Creatures
  Snorg (Lair:5)
  Erolcha (D:9)
  Harold (D:9)
  3 catoblepae
  5 hydras
  2 boulder beetles
  4 two-headed ogres
  4 death yaks (Lair:5)
  Sonja (Lair:3)
  A fire crab (Lair:2)
  A manticore (Lair:4)
  3 elephants
  5 black mambas
  A torpor snail (Lair:2)
  12 cane toads
  Maggie (D:6)
  9 rime drakes
  7 komodo dragons
  2 kobold demonologists
  2 trolls
  3 polar bears
  Grinder (D:3)
  13 blink frogs
  2 shadows
  7 wyverns
  52 yaks
  A steam dragon (D:11)
  10 basilisks
  An acid dragon (D:9)
  A hell hound (Lair:4)
  10 water moccasins
  A sky beast (D:6)
  2 black bears
  8 orc warriors
  2 ice beasts (D:6)
  An ogre (D:5)
  3 centaurs
  5 wolves (Lair:5)
  A phantom (D:4)
  3 kobold brigands
  9 bullfrogs
  5 necrophages
  3 scorpions
  11 wights
  13 killer bees
  A vampire bat (D:10)
  4 howler monkeys
  2 electric eels
  9 crimson imps (D:11)
  2 hounds
  7 orc priests
  2 gnoll boudas (D:7)
  2 jellies
  Jessica (D:3)
  Natasha (D:3)
  8 iguanas
  4 orc wizards
  13 hell rats
  A statue (D:5)
  10 gnolls
  4 adders
  A white imp (D:7)
  2 ufetubi
  4 dart slugs
  29 orcs
  12 bats
  4 endoplasms
  8 giant cockroaches
  5 goblins
  5 hobgoblins
  5 quokkas
  4 ball pythons
  2 frilled lizards
  26 kobolds
  3 rats
415 creatures vanquished.

Vanquished Creatures (collateral kills)
  A basilisk (Lair:1)
  A butterfly (Lair:1)
2 creatures vanquished.

Vanquished Creatures (others)
  33 fungi
  36 plants
  5 withered plants (Lair:5)
74 creatures vanquished.

Grand Total: 491 creatures vanquished

Notes
Turn   | Place    | Note
-------+----------+-------------------------------------------
     0 | D:1      | qw the Minotaur Berserker began the quest for the Orb.
     0 | D:1      | Reached XP level 1. HP: 19/19 MP: 0/0
     0 | D:1      | 0 ||| qw: Version: 0.1-a-108-g9e35731
     0 | D:1      | 0 ||| qw: Game counter: 6441
     0 | D:1      | 0 ||| qw: Always use a shield: true
     0 | D:1      | 0 ||| qw: Do Orc after D:15 true
     0 | D:1      | 0 ||| qw: Do second Lair branch before Depths: true
     0 | D:1      | 0 ||| qw: Lair rune preference: random
     0 | D:1      | 0 ||| qw: Plans: Normal
     0 | D:1      | 0 ||| PLANNING D:1-11
   339 | D:1      | 339 ||| Stepping ~*~*~tactically~*~*~ (hiding).
   441 | D:1      | 441 ||| Stepping ~*~*~tactically~*~*~ (hiding).
   450 | D:1      | Reached XP level 2. HP: 24/26 MP: 1/1
   579 | D:1      | 579 ||| DROPPING +0 whip.
   604 | D:1      | 604 ||| Stepping ~*~*~tactically~*~*~ (hiding).
   706 | D:1      | 706 ||| Stepping ~*~*~tactically~*~*~ (hiding).
  1159 | D:1      | 1159 ||| UPGRADING to +0 pair of gloves.
  1164 | D:1      | 1164 ||| UPGRADING to amulet of the acrobat.
  1169 | D:1      | 1169 ||| READING scroll labelled FYEZAH CENAIGIEKK.
  1170 | D:1      | 1170 ||| READING 3 scrolls labelled ZOSOENT ESHREM.
  1242 | D:2      | Reached XP level 3. HP: 24/31 MP: 2/2
  1376 | D:2      | 1376 ||| Stepping ~*~*~tactically~*~*~ (stealth).
  1378 | D:2      | 1378 ||| Stepping ~*~*~tactically~*~*~ (stealth).
  1510 | D:2      | Found a faded altar of an unknown god.
  1512 | D:2      | 1512 ||| Stepping ~*~*~tactically~*~*~ (stealth).
  1520 | D:2      | Reached ** piety under Trog
  1809 | D:2      | 1809 ||| UPGRADING to +0 ring mail.
  1819 | D:2      | 1819 ||| DROPPING +0 animal skin.
  1820 | D:2      | 1820 ||| READING scroll labelled NOUSCHU QADAG.
  1821 | D:2      | 1821 ||| READING 2 scrolls labelled MOLLOH WOFUU.
  1822 | D:2      | 1822 ||| READING scroll labelled IDIMEMPO GASUGG.
  1823 | D:2      | 1823 ||| READING scroll labelled XANUEQ CIUH.
  1960 | D:2      | 1960 ||| READING 3 scrolls of identify.
  1960 | D:2      | 1960 ||| IDENTIFYING glowing brown potion
  1961 | D:2      | 1961 ||| READING 2 scrolls of identify.
  1961 | D:2      | 1961 ||| IDENTIFYING fuming purple potion
  1962 | D:2      | 1962 ||| DROPPING scroll of fear.
  1963 | D:2      | 1963 ||| DROPPING potion of magic.
  1992 | D:3      | Found a snail-covered altar of Cheibriados.
  2055 | D:3      | 2055 ||| Stepping ~*~*~tactically~*~*~ (stealth).
  2056 | D:3      | 2056 ||| Stepping ~*~*~tactically~*~*~ (stealth).
  2065 | D:3      | 2065 ||| Stepping ~*~*~tactically~*~*~ (stealth).
  2180 | D:3      | 2180 ||| SWAPPING to +0 war axe.
  2186 | D:3      | 2186 ||| DROPPING +0 hand axe.
  2187 | D:3      | Noticed Jessica
  2188 | D:3      | 2188 ||| Stepping ~*~*~tactically~*~*~ (stealth).
  2189 | D:3      | 2189 ||| Stepping ~*~*~tactically~*~*~ (stealth).
  2191 | D:3      | 2191 ||| Stepping ~*~*~tactically~*~*~ (hiding).
  2196 | D:3      | Killed Jessica
  2197 | D:3      | Reached skill level 6 in Axes
  2197 | D:3      | Reached XP level 4. HP: 27/39 MP: 3/3
  2512 | D:3      | Noticed a centaur
  2513 | D:3      | 2513 ||| Stepping ~*~*~tactically~*~*~ (hiding).
  2518 | D:3      | Killed a centaur
  2519 | D:3      | Reached XP level 5. HP: 35/45 MP: 4/4
  2664 | D:3      | Found a sparkling altar of Nemelex Xobeh.
  2747 | D:3      | Noticed Natasha
  2748 | D:3      | 2748 ||| INVOKING Berserk.
  2749 | D:3      | Killed Natasha
  2750 | D:3      | Reached skill level 4 in Fighting
  2959 | D:3      | 2959 ||| Stepping ~*~*~tactically~*~*~ (hiding).
  2964 | D:3      | 2964 ||| INVOKING Berserk.
  3283 | D:3      | Noticed Grinder
  3284 | D:3      | 3284 ||| INVOKING Trog's Hand.
  3285 | D:3      | 3285 ||| INVOKING Berserk.
  3289 | D:3      | Killed Grinder
  3290 | D:3      | Reached XP level 6. HP: 52/52 MP: 5/5
  3570 | D:3      | 3570 ||| READING scroll labelled PYIZYO AGUNOO.
  3571 | D:3      | 3571 ||| DRINKING 2 blue potions.
  3572 | D:3      | 3572 ||| READING 2 scrolls of identify.
  3572 | D:3      | 3572 ||| IDENTIFYING viscous ruby potion
  3573 | D:3      | 3573 ||| DROPPING potion of flight.
  3574 | D:3      | 3574 ||| DROPPING potion of attraction.
  3595 | D:4      | You are sucked into a shaft and drop 1 floor!
  3595 | D:5      | Entered Level 5 of the Dungeon
  3595 | D:5      | Found a broken altar of Ashenzari.
  3818 | D:5      | 3818 ||| READING 2 scrolls of identify.
  3818 | D:5      | 3818 ||| IDENTIFYING metallic puce potion
  3819 | D:5      | 3819 ||| DROPPING potion of invisibility.
  3830 | D:5      | Reached skill level 9 in Axes
  4010 | D:4      | Reached skill level 5 in Fighting
  4010 | D:4      | Reached XP level 7. HP: 38/61 MP: 6/6
  4310 | D:4      | 4310 ||| Stepping ~*~*~tactically~*~*~ (stealth).
  4424 | D:4      | 4424 ||| FLEEEEING.
  4425 | D:4      | 4425 ||| FLEEEEING.
  4426 | D:4      | 4426 ||| FLEEEEING.
  4427 | D:4      | 4427 ||| FLEEEEING.
  4428 | D:4      | 4428 ||| FLEEEEING.
  4429 | D:4      | 4429 ||| STAIRDANCE
  4476 | D:3      | 4476 ||| UPGRADING to +0 chain mail.
  4486 | D:3      | 4486 ||| DROPPING +0 ring mail.
  4650 | D:4      | 4650 ||| Stepping ~*~*~tactically~*~*~ (stealth).
  4652 | D:4      | 4652 ||| Stepping ~*~*~tactically~*~*~ (stealth).
  4656 | D:4      | 4656 ||| Stepping ~*~*~tactically~*~*~ (stealth).
  4658 | D:4      | 4658 ||| Stepping ~*~*~tactically~*~*~ (hiding).
  4668 | D:4      | 4668 ||| Stepping ~*~*~tactically~*~*~ (stealth).
  4685 | D:4      | 4685 ||| Stepping ~*~*~tactically~*~*~ (stealth).
  4690 | D:4      | 4690 ||| DROPPING +0 flail.
  4695 | D:4      | 4695 ||| INVOKING Berserk.
  4697 | D:4      | Reached skill level 3 in Armour
  4848 | D:4      | Found a hide-covered altar of Uskayaw.
  4970 | D:4      | Found a hazy altar of Hepliaklqana.
  4987 | D:4      | 4987 ||| UPGRADING to ring of protection from cold.
  5031 | D:5      | Found a radiant altar of Vehumet.
  5039 | D:5      | 5039 ||| INVOKING Berserk.
  5266 | D:5      | 5266 ||| INVOKING Berserk.
  5608 | D:5      | Reached skill level 6 in Fighting
  5664 | D:5      | 5664 ||| INVOKING Berserk.
  5667 | D:5      | Reached XP level 8. HP: 70/70 MP: 7/7
  5892 | D:5      | Found an opulent altar of Gozag.
  5920 | D:5      | Found a staircase to the Ecumenical Temple.
  5993 | D:5      | 5993 ||| READING scroll labelled JENNYOZ WOAREL.
  6094 | D:5      | 6094 ||| READING 2 scrolls of identify.
  6094 | D:5      | 6094 ||| IDENTIFYING cyan potion
  6170 | D:6      | 6170 ||| STAIRDANCE
  6175 | D:6      | 6175 ||| STAIRDANCE
  6216 | D:6      | 6216 ||| STAIRDANCE
  6219 | D:5      | Reached *** piety under Trog
  6618 | D:6      | Found a stormy altar of Qazlal.
  6727 | D:6      | 6727 ||| INVOKING Berserk.
  6807 | D:6      | Noticed Maggie
  6819 | D:6      | HP: 9/70 [Maggie/+0 scimitar (12)]
  6820 | D:6      | 6820 ||| DRINKING potion of heal wounds.
  6821 | D:6      | 6821 ||| INVOKING Berserk.
  6822 | D:6      | Killed Maggie
  6823 | D:6      | Reached skill level 12 in Axes
  7038 | D:6      | 7038 ||| FLEEEEING.
  7039 | D:6      | 7039 ||| FLEEEEING.
  7040 | D:6      | 7040 ||| FLEEEEING.
  7041 | D:6      | 7041 ||| FLEEEEING.
  7042 | D:6      | 7042 ||| FLEEEEING.
  7043 | D:6      | 7043 ||| FLEEEEING.
  7044 | D:6      | 7044 ||| FLEEEEING.
  7045 | D:6      | 7045 ||| FLEEEEING.
  7046 | D:6      | 7046 ||| FLEEEEING.
  7047 | D:6      | 7047 ||| FLEEEEING.
  7048 | D:6      | 7048 ||| FLEEEEING.
  7069 | D:6      | 7069 ||| FLEEEEING.
  7070 | D:6      | 7070 ||| FLEEEEING.
  7071 | D:6      | 7071 ||| FLEEEEING.
  7072 | D:6      | 7072 ||| FLEEEEING.
  7081 | D:6      | Reached skill level 7 in Fighting
  7081 | D:6      | Reached XP level 9. HP: 78/79 MP: 8/8
  7333 | D:6      | 7333 ||| UPGRADING to +0 swamp dragon scales.
  7343 | D:6      | 7343 ||| UPGRADING to +0 cloak.
  7348 | D:6      | 7348 ||| READING 3 scrolls labelled YTSAST YMIVOJ.
  7349 | D:6      | 7349 ||| READING 2 scrolls labelled WEITHR JOVISISS.
  7350 | D:6      | 7350 ||| DRINKING 2 viscous red potions.
  7351 | D:6      | 7351 ||| READING 2 scrolls of identify.
  7351 | D:6      | 7351 ||| IDENTIFYING inky potion
  7352 | D:6      | 7352 ||| DROPPING 2 scrolls of noise.
  7353 | D:6      | 7353 ||| DROPPING scroll of blinking.
  7419 | D:7      | 7419 ||| INVOKING Berserk.
  7424 | D:7      | Reached skill level 3 in Dodging
  7694 | D:7      | 7694 ||| Stepping ~*~*~tactically~*~*~ (stealth).
  7697 | D:7      | 7697 ||| Stepping ~*~*~tactically~*~*~ (stealth).
  7700 | D:7      | 7700 ||| Stepping ~*~*~tactically~*~*~ (stealth).
  7701 | D:7      | 7701 ||| Stepping ~*~*~tactically~*~*~ (stealth).
  7714 | D:7      | 7714 ||| Stepping ~*~*~tactically~*~*~ (stealth).
  7768 | D:7      | 7768 ||| INVOKING Berserk.
  7974 | D:7      | 7974 ||| Stepping ~*~*~tactically~*~*~ (hiding).
  8151 | D:7      | 8151 ||| Stepping ~*~*~tactically~*~*~ (stealth).
  8153 | D:7      | 8153 ||| Stepping ~*~*~tactically~*~*~ (hiding).
  8158 | D:7      | 8158 ||| INVOKING Berserk.
  8413 | D:7      | Reached skill level 8 in Fighting
  9199 | D:7      | 9199 ||| READING scroll labelled BELEOSAQOQA.
  9202 | D:7      | 9202 ||| READING 2 scrolls of identify.
  9202 | D:7      | 9202 ||| IDENTIFYING smoky purple potion
  9389 | D:8      | 9389 ||| INVOKING Berserk.
  9499 | D:8      | Found a shimmering altar of Xom.
  9526 | D:8      | Reached **** piety under Trog
  9818 | D:8      | 9818 ||| INVOKING Berserk.
  9930 | D:8      | Found a transporter.
  9943 | D:8      | Found a transporter.
 10056 | D:8      | Found a shimmering blue altar of Sif Muna.
 10162 | D:8      | Identified the +5 ring mail of the Quahog {rF++ Int+4
                  | Dex-3}
 10203 | D:8      | 10203 ||| DROPPING +0 chain mail.
 10204 | D:8      | 10204 ||| UPGRADING to +0 plate armour.
 10214 | D:8      | 10214 ||| DROPPING +0 swamp dragon scales.
 10215 | D:8      | 10215 ||| READING scroll labelled MAN VEHIPHOTU.
 10216 | D:8      | 10216 ||| DRINKING 2 emerald potions.
 10230 | D:8      | Identified the ring "Gaerum" {rPois rF- rCorr Str+8 Dex-3}
 10294 | D:9      | 10294 ||| INVOKING Berserk.
 10446 | D:9      | Found a white marble altar of Elyvilon.
 10446 | D:9      | Found a glowing golden altar of the Shining One.
 10447 | D:9      | Found a glowing silver altar of Zin.
 10474 | D:9      | 10474 ||| DROPPING +2 flail of protection.
 10487 | D:9      | Reached skill level 1 in Throwing
 10583 | D:9      | 10583 ||| Stepping ~*~*~tactically~*~*~ (stealth).
 10587 | D:9      | Reached skill level 6 in Armour
 10587 | D:9      | Reached XP level 10. HP: 76/88 MP: 9/9
 10590 | D:9      | 10590 ||| FLEEEEING.
 10591 | D:9      | 10591 ||| FLEEEEING.
 10592 | D:9      | 10592 ||| FLEEEEING.
 10593 | D:9      | 10593 ||| FLEEEEING.
 10594 | D:9      | 10594 ||| FLEEEEING.
 10595 | D:9      | 10595 ||| FLEEEEING.
 10596 | D:9      | 10596 ||| FLEEEEING.
 10597 | D:9      | 10597 ||| FLEEEEING.
 10598 | D:9      | 10598 ||| FLEEEEING.
 10599 | D:9      | 10599 ||| FLEEEEING.
 10600 | D:9      | 10600 ||| FLEEEEING.
 10601 | D:9      | 10601 ||| FLEEEEING.
 10602 | D:9      | 10602 ||| FLEEEEING.
 10752 | D:9      | 10752 ||| FLEEEEING.
 10758 | D:9      | 10758 ||| FLEEEEING.
 10759 | D:9      | 10759 ||| FLEEEEING.
 10760 | D:9      | 10760 ||| FLEEEEING.
 10761 | D:9      | 10761 ||| FLEEEEING.
 10762 | D:9      | 10762 ||| FLEEEEING.
 10763 | D:9      | 10763 ||| FLEEEEING.
 10764 | D:9      | 10764 ||| FLEEEEING.
 10765 | D:9      | 10765 ||| FLEEEEING.
 10766 | D:9      | 10766 ||| FLEEEEING.
 10767 | D:9      | 10767 ||| FLEEEEING.
 10768 | D:9      | 10768 ||| FLEEEEING.
 10769 | D:9      | 10769 ||| FLEEEEING.
 10770 | D:9      | 10770 ||| FLEEEEING.
 10771 | D:9      | 10771 ||| FLEEEEING.
 10772 | D:9      | 10772 ||| FLEEEEING.
 10773 | D:9      | 10773 ||| FLEEEEING.
 10774 | D:9      | 10774 ||| FLEEEEING.
 10776 | D:9      | 10776 ||| FLEEEEING.
 10777 | D:9      | 10777 ||| FLEEEEING.
 10778 | D:9      | 10778 ||| FLEEEEING.
 10779 | D:9      | 10779 ||| FLEEEEING.
 10780 | D:9      | 10780 ||| FLEEEEING.
 10781 | D:9      | 10781 ||| FLEEEEING.
 10782 | D:9      | 10782 ||| FLEEEEING.
 10783 | D:9      | 10783 ||| FLEEEEING.
 10784 | D:9      | 10784 ||| FLEEEEING.
 10785 | D:9      | 10785 ||| FLEEEEING.
 10787 | D:9      | 10787 ||| FLEEEEING.
 10788 | D:9      | 10788 ||| FLEEEEING.
 10789 | D:9      | 10789 ||| FLEEEEING.
 10790 | D:9      | 10790 ||| FLEEEEING.
 10791 | D:9      | 10791 ||| FLEEEEING.
 10794 | D:9      | 10794 ||| FLEEEEING.
 10795 | D:9      | 10795 ||| FLEEEEING.
 10796 | D:9      | 10796 ||| FLEEEEING.
 10797 | D:9      | 10797 ||| FLEEEEING.
 10872 | D:9      | Noticed a two-headed ogre
 10875 | D:9      | 10875 ||| INVOKING Berserk.
 10880 | D:9      | Killed a two-headed ogre
 11009 | D:9      | Found Ogreheal's Distillery.
 11012 | D:9      | 11012 ||| BUYING potion of cancellation (104 gold).
 11012 | D:9      | Bought a potion of cancellation for 104 gold pieces
 11012 | D:9      | 11012 ||| BUYING potion of curing (39 gold).
 11012 | D:9      | Bought a potion of curing for 39 gold pieces
 11012 | D:9      | 11012 ||| BUYING potion of curing (39 gold).
 11012 | D:9      | Bought a potion of curing for 39 gold pieces
 11012 | D:9      | 11012 ||| BUYING potion of heal wounds (65 gold).
 11012 | D:9      | Bought a potion of heal wounds for 65 gold pieces
 11065 | D:9      | 11065 ||| Stepping ~*~*~tactically~*~*~ (stealth).
 11066 | D:9      | 11066 ||| Stepping ~*~*~tactically~*~*~ (stealth).
 11068 | D:9      | 11068 ||| Stepping ~*~*~tactically~*~*~ (stealth).
 11081 | D:9      | 11081 ||| Stepping ~*~*~tactically~*~*~ (stealth).
 11307 | D:9      | Noticed Harold
 11308 | D:9      | 11308 ||| Stepping ~*~*~tactically~*~*~ (hiding).
 11310 | D:9      | 11310 ||| Stepping ~*~*~tactically~*~*~ (hiding).
 11316 | D:9      | 11316 ||| INVOKING Berserk.
 11324 | D:9      | Killed Harold
 11325 | D:9      | Reached skill level 15 in Axes
 11526 | D:9      | Noticed Erolcha
 11527 | D:9      | 11527 ||| INVOKING Trog's Hand.
 11529 | D:9      | 11529 ||| INVOKING Berserk.
 11537 | D:9      | Killed Erolcha
 11538 | D:9      | Reached skill level 9 in Fighting
 11899 | D:9      | Found an iron altar of Okawaru.
 11899 | D:9      | Found a bloodstained altar of Trog.
 11905 | D:9      | 11905 ||| INVOKING Berserk.
 12227 | D:9      | Reached skill level 10 in Fighting
 12388 | D:9      | 12388 ||| UPGRADING to +2 pair of boots of stealth.
 12393 | D:9      | 12393 ||| UPGRADING to +4 ring of evasion.
 12394 | D:9      | 12394 ||| READING 2 scrolls of identify.
 12394 | D:9      | 12394 ||| IDENTIFYING fizzy white potion
 12395 | D:9      | 12395 ||| DROPPING potion of lignification.
 12443 | D:10     | Entered Level 10 of the Dungeon
 12483 | D:10     | Found an ancient bone altar of Kikubaaqudgha.
 12642 | D:10     | Noticed a two-headed ogre
 12643 | D:10     | 12643 ||| Stepping ~*~*~tactically~*~*~ (stealth).
 12644 | D:10     | 12644 ||| Stepping ~*~*~tactically~*~*~ (stealth).
 12649 | D:10     | 12649 ||| INVOKING Berserk.
 12651 | D:10     | Killed a two-headed ogre
 12652 | D:10     | Reached XP level 11. HP: 99/99 MP: 10/10
 12654 | D:10     | Reached skill level 9 in Armour
 12788 | D:10     | Noticed a two-headed ogre
 12793 | D:10     | 12793 ||| INVOKING Berserk.
 12796 | D:10     | Killed a two-headed ogre
 13013 | D:10     | 13013 ||| Stepping ~*~*~tactically~*~*~ (stealth).
 13031 | D:10     | 13031 ||| Stepping ~*~*~tactically~*~*~ (stealth).
 13319 | D:10     | 13319 ||| INVOKING Berserk.
 13557 | D:10     | 13557 ||| READING scroll labelled EDIQUMARYN.
 13558 | D:10     | 13558 ||| READING 2 scrolls of identify.
 13558 | D:10     | 13558 ||| IDENTIFYING sedimented sapphire potion
 13559 | D:10     | 13559 ||| DROPPING potion of brilliance.
 13645 | D:11     | 13645 ||| Stepping ~*~*~tactically~*~*~ (stealth).
 13648 | D:11     | 13648 ||| INVOKING Berserk.
 13793 | D:11     | 13793 ||| INVOKING Berserk.
 13797 | D:11     | Reached skill level 11 in Fighting
 13939 | D:11     | 13939 ||| Stepping ~*~*~tactically~*~*~ (stealth).
 13974 | D:11     | 13974 ||| Stepping ~*~*~tactically~*~*~ (hiding).
 13976 | D:11     | 13976 ||| Stepping ~*~*~tactically~*~*~ (hiding).
 13977 | D:11     | 13977 ||| Stepping ~*~*~tactically~*~*~ (hiding).
 13979 | D:11     | 13979 ||| Stepping ~*~*~tactically~*~*~ (hiding).
 13982 | D:11     | 13982 ||| Stepping ~*~*~tactically~*~*~ (stealth).
 14065 | D:11     | Noticed a two-headed ogre
 14070 | D:11     | 14070 ||| INVOKING Berserk.
 14074 | D:11     | Killed a two-headed ogre
 14225 | D:11     | Noticed a boulder beetle
 14228 | D:11     | 14228 ||| INVOKING Berserk.
 14238 | D:11     | Killed a boulder beetle
 14424 | D:11     | 14424 ||| Stepping ~*~*~tactically~*~*~ (stealth).
 14542 | D:11     | Noticed a five-headed hydra
 14543 | D:11     | 14543 ||| INVOKING Brothers in Arms.
 14544 | D:11     | 14544 ||| INVOKING Brothers in Arms.
 14545 | D:11     | 14545 ||| INVOKING Brothers in Arms.
 14546 | D:11     | 14546 ||| SWAPPING to +0 morningstar.
 14547 | D:11     | 14547 ||| INVOKING Berserk.
 14551 | D:11     | Killed a five-headed hydra
 14661 | D:11     | 14661 ||| SWAPPING to +1 war axe.
 14678 | D:11     | 14678 ||| INVOKING Berserk.
 14749 | D:11     | 14749 ||| Stepping ~*~*~tactically~*~*~ (cloud).
 14754 | D:11     | 14754 ||| INVOKING Berserk.
 14765 | D:11     | Reached skill level 12 in Fighting
 14770 | D:11     | 14770 ||| DRINKING potion of cancellation.
 14958 | D:11     | Found a staircase to the Lair.
 15076 | D:11     | 15076 ||| Stepping ~*~*~tactically~*~*~ (hiding).
 15079 | D:11     | 15079 ||| INVOKING Berserk.
 15203 | D:11     | Found a staircase to the Orcish Mines.
 15362 | D:11     | Reached skill level 12 in Armour
 15370 | D:11     | 15370 ||| Stepping ~*~*~tactically~*~*~ (hiding).
 15379 | D:11     | Reached XP level 12. HP: 112/112 MP: 11/11
 15533 | D:11     | 15533 ||| PLANNING LAIR
 15667 | Lair:1   | Entered Level 1 of the Lair of Beasts
 15667 | Lair:1   | Noticed a four-headed hydra
 15668 | Lair:1   | 15668 ||| INVOKING Brothers in Arms.
 15669 | Lair:1   | 15669 ||| INVOKING Brothers in Arms.
 15670 | Lair:1   | 15670 ||| INVOKING Brothers in Arms.
 15671 | Lair:1   | 15671 ||| SWAPPING to +0 morningstar.
 15673 | Lair:1   | 15673 ||| INVOKING Berserk.
 15678 | Lair:1   | Killed a four-headed hydra
 15693 | Lair:1   | 15693 ||| SWAPPING to +1 war axe.
 15814 | Lair:1   | 15814 ||| INVOKING Berserk.
 16026 | Lair:1   | 16026 ||| INVOKING Berserk.
 16157 | Lair:1   | 16157 ||| Stepping ~*~*~tactically~*~*~ (stealth).
 16159 | Lair:1   | 16159 ||| INVOKING Berserk.
 16274 | Lair:1   | 16274 ||| INVOKING Berserk.
 16280 | Lair:1   | Reached skill level 13 in Fighting
 16555 | Lair:1   | Reached skill level 3 in Throwing
 16561 | Lair:1   | 16561 ||| Stepping ~*~*~tactically~*~*~ (stealth).
 16563 | Lair:1   | 16563 ||| Stepping ~*~*~tactically~*~*~ (stealth).
 16570 | Lair:1   | 16570 ||| Stepping ~*~*~tactically~*~*~ (stealth).
 16579 | Lair:1   | 16579 ||| Stepping ~*~*~tactically~*~*~ (stealth).
 16759 | Lair:1   | 16759 ||| Stepping ~*~*~tactically~*~*~ (stealth).
 17011 | Lair:1   | 17011 ||| DROPPING amulet of faith.
 17012 | Lair:1   | 17012 ||| UPGRADING to +4 ring of protection.
 17014 | Lair:1   | 17014 ||| DROPPING ring of protection from cold.
 17162 | Lair:2   | Found a hole to the Spider Nest.
 17425 | Lair:2   | Reached skill level 6 in Dodging
 17590 | Lair:2   | Found a staircase to the Shoals.
 17761 | Lair:2   | Noticed a catoblepas
 17762 | Lair:2   | 17762 ||| Stepping ~*~*~tactically~*~*~ (hiding).
 17764 | Lair:2   | 17764 ||| INVOKING Berserk.
 17768 | Lair:2   | Killed a catoblepas
 17855 | Lair:2   | Reached skill level 14 in Fighting
 18041 | Lair:2   | Noticed a five-headed hydra
 18042 | Lair:2   | 18042 ||| INVOKING Brothers in Arms.
 18043 | Lair:2   | 18043 ||| SWAPPING to +0 morningstar.
 18044 | Lair:2   | 18044 ||| INVOKING Berserk.
 18048 | Lair:2   | Killed a five-headed hydra
 18066 | Lair:2   | 18066 ||| SWAPPING to +1 war axe.
 18267 | Lair:2   | 18267 ||| Stepping ~*~*~tactically~*~*~ (hiding).
 18445 | Lair:2   | 18445 ||| INVOKING Berserk.
 18698 | Lair:2   | 18698 ||| INVOKING Berserk.
 18702 | Lair:2   | Noticed a catoblepas
 18712 | Lair:2   | 18712 ||| Stepping ~*~*~tactically~*~*~ (cloud).
 18718 | Lair:2   | 18718 ||| Stepping ~*~*~tactically~*~*~ (cloud).
 18719 | Lair:2   | 18719 ||| Stepping ~*~*~tactically~*~*~ (cloud).
 18722 | Lair:2   | 18722 ||| Stepping ~*~*~tactically~*~*~ (cloud).
 18724 | Lair:2   | 18724 ||| Stepping ~*~*~tactically~*~*~ (cloud).
 18725 | Lair:2   | Killed a catoblepas
 18727 | Lair:2   | 18727 ||| Stepping ~*~*~tactically~*~*~ (cloud).
 18728 | Lair:2   | 18728 ||| Stepping ~*~*~tactically~*~*~ (cloud).
 18735 | Lair:2   | HP: 19/117 [fire crab (12)]
 18736 | Lair:2   | 18736 ||| READING 3 scrolls of teleportation.
 18737 | Lair:2   | 18737 ||| DRINKING 3 potions of heal wounds.
 18738 | Lair:2   | 18738 ||| INVOKING Berserk.
 19120 | Lair:2   | 19120 ||| Stepping ~*~*~tactically~*~*~ (stealth).
 19121 | Lair:2   | 19121 ||| Stepping ~*~*~tactically~*~*~ (stealth).
 19130 | Lair:2   | 19130 ||| Stepping ~*~*~tactically~*~*~ (cloud).
 19408 | Lair:3   | 19408 ||| STAIRDANCE
 19415 | Lair:3   | 19415 ||| STAIRDANCE
 19462 | Lair:3   | 19462 ||| STAIRDANCE
 19470 | Lair:3   | 19470 ||| STAIRDANCE
 19472 | Lair:2   | 19472 ||| INVOKING Berserk.
 19478 | Lair:2   | Reached XP level 13. HP: 125/125 MP: 12/12
 19711 | Lair:3   | 19711 ||| INVOKING Berserk.
 19719 | Lair:3   | Reached skill level 15 in Fighting
 20098 | Lair:3   | Noticed Sonja
 20117 | Lair:3   | 20117 ||| INVOKING Berserk.
 20119 | Lair:3   | Killed Sonja
 20670 | Lair:4   | 20670 ||| Stepping ~*~*~tactically~*~*~ (hiding).
 20672 | Lair:4   | 20672 ||| INVOKING Berserk.
 20711 | Lair:4   | 20711 ||| FLEEEEING.
 20712 | Lair:4   | 20712 ||| FLEEEEING.
 20713 | Lair:4   | 20713 ||| STAIRDANCE
 20817 | Lair:4   | 20817 ||| STAIRDANCE
 20819 | Lair:3   | 20819 ||| SWAPPING to +0 morningstar.
 20820 | Lair:3   | 20820 ||| INVOKING Berserk.
 20882 | Lair:3   | 20882 ||| SWAPPING to +1 war axe.
 20885 | Lair:4   | 20885 ||| INVOKING Berserk.
 20902 | Lair:4   | 20902 ||| STAIRDANCE
 21093 | Lair:4   | Reached skill level 15 in Armour
 21122 | Lair:4   | 21122 ||| Stepping ~*~*~tactically~*~*~ (stealth).
 21125 | Lair:4   | 21125 ||| Stepping ~*~*~tactically~*~*~ (stealth).
 21130 | Lair:4   | 21130 ||| Stepping ~*~*~tactically~*~*~ (stealth).
 21190 | Lair:4   | 21190 ||| Stepping ~*~*~tactically~*~*~ (stealth).
 21191 | Lair:4   | 21191 ||| Stepping ~*~*~tactically~*~*~ (stealth).
 21195 | Lair:4   | 21195 ||| Stepping ~*~*~tactically~*~*~ (stealth).
 21196 | Lair:4   | 21196 ||| Stepping ~*~*~tactically~*~*~ (stealth).
 21198 | Lair:4   | 21198 ||| Stepping ~*~*~tactically~*~*~ (stealth).
 21202 | Lair:4   | 21202 ||| Stepping ~*~*~tactically~*~*~ (stealth).
 21203 | Lair:4   | 21203 ||| Stepping ~*~*~tactically~*~*~ (stealth).
 21218 | Lair:4   | 21218 ||| Stepping ~*~*~tactically~*~*~ (stealth).
 21225 | Lair:4   | 21225 ||| FLEEEEING.
 21230 | Lair:4   | 21230 ||| STAIRDANCE
 21363 | Lair:4   | 21363 ||| Stepping ~*~*~tactically~*~*~ (stealth).
 21494 | Lair:4   | 21494 ||| INVOKING Berserk.
 21606 | Lair:4   | 21606 ||| INVOKING Berserk.
 21785 | Lair:4   | 21785 ||| Stepping ~*~*~tactically~*~*~ (stealth).
 21842 | Lair:4   | 21842 ||| Stepping ~*~*~tactically~*~*~ (hiding).
 21850 | Lair:4   | 21850 ||| Stepping ~*~*~tactically~*~*~ (stealth).
 21859 | Lair:4   | 21859 ||| INVOKING Berserk.
 21899 | Lair:4   | HP: 31/128 [hell rat (11)]
 21900 | Lair:4   | 21900 ||| READING 3 scrolls of teleportation.
 21901 | Lair:4   | 21901 ||| DRINKING 2 potions of heal wounds.
 21916 | Lair:4   | HP: 29/126 [poisoned by a cane toad]
 21917 | Lair:4   | Reached skill level 16 in Fighting
 21921 | Lair:4   | HP: 15/128 [poisoned by a cane toad]
 21926 | Lair:4   | HP: 11/128 [poisoned by a cane toad]
 21957 | Lair:4   | 21957 ||| Stepping ~*~*~tactically~*~*~ (stealth).
 21959 | Lair:4   | 21959 ||| READING 2 scrolls of teleportation.
 21960 | Lair:4   | 21960 ||| DRINKING potion of heal wounds.
 21961 | Lair:4   | 21961 ||| INVOKING Berserk.
 22092 | Lair:4   | 22092 ||| Stepping ~*~*~tactically~*~*~ (stealth).
 22093 | Lair:4   | 22093 ||| Stepping ~*~*~tactically~*~*~ (stealth).
 22094 | Lair:4   | 22094 ||| Stepping ~*~*~tactically~*~*~ (stealth).
 22095 | Lair:4   | 22095 ||| Stepping ~*~*~tactically~*~*~ (stealth).
 22097 | Lair:4   | 22097 ||| Stepping ~*~*~tactically~*~*~ (stealth).
 22100 | Lair:4   | 22100 ||| Stepping ~*~*~tactically~*~*~ (stealth).
 22125 | Lair:4   | 22125 ||| Stepping ~*~*~tactically~*~*~ (stealth).
 22127 | Lair:4   | 22127 ||| Stepping ~*~*~tactically~*~*~ (stealth).
 22129 | Lair:4   | 22129 ||| INVOKING Berserk.
 22339 | Lair:4   | 22339 ||| Stepping ~*~*~tactically~*~*~ (stealth).
 22340 | Lair:4   | 22340 ||| Stepping ~*~*~tactically~*~*~ (stealth).
 22341 | Lair:4   | 22341 ||| Stepping ~*~*~tactically~*~*~ (stealth).
 22343 | Lair:4   | 22343 ||| Stepping ~*~*~tactically~*~*~ (hiding).
 22344 | Lair:4   | 22344 ||| Stepping ~*~*~tactically~*~*~ (hiding).
 22355 | Lair:4   | 22355 ||| Stepping ~*~*~tactically~*~*~ (stealth).
 22359 | Lair:4   | 22359 ||| INVOKING Berserk.
 22382 | Lair:4   | 22382 ||| FLEEEEING.
 22383 | Lair:4   | 22383 ||| Stepping ~*~*~tactically~*~*~ (stealth).
 22391 | Lair:4   | 22391 ||| STAIRDANCE
 22577 | Lair:4   | 22577 ||| Stepping ~*~*~tactically~*~*~ (stealth).
 22631 | Lair:4   | 22631 ||| Stepping ~*~*~tactically~*~*~ (hiding).
 22636 | Lair:4   | 22636 ||| DRINKING potion of cancellation.
 22796 | Lair:4   | 22796 ||| Stepping ~*~*~tactically~*~*~ (hiding).
 23009 | Lair:5   | Entered Level 5 of the Lair of Beasts
 23012 | Lair:5   | 23012 ||| Stepping ~*~*~tactically~*~*~ (stealth).
 23015 | Lair:5   | 23015 ||| Stepping ~*~*~tactically~*~*~ (stealth).
 23016 | Lair:5   | 23016 ||| INVOKING Berserk.
 23026 | Lair:5   | 23026 ||| FLEEEEING.
 23027 | Lair:5   | 23027 ||| STAIRDANCE
 23031 | Lair:4   | 23031 ||| Stepping ~*~*~tactically~*~*~ (stealth).
 23035 | Lair:4   | 23035 ||| Stepping ~*~*~tactically~*~*~ (stealth).
 23041 | Lair:4   | 23041 ||| Stepping ~*~*~tactically~*~*~ (stealth).
 23051 | Lair:4   | Reached skill level 17 in Fighting
 23079 | Lair:5   | 23079 ||| STAIRDANCE
 23125 | Lair:5   | 23125 ||| STAIRDANCE
 23127 | Lair:4   | 23127 ||| INVOKING Berserk.
 23376 | Lair:5   | Noticed Snorg
 23380 | Lair:5   | 23380 ||| INVOKING Berserk.
 23385 | Lair:5   | Killed Snorg
 23513 | Lair:5   | 23513 ||| Stepping ~*~*~tactically~*~*~ (stealth).
 23679 | Lair:5   | 23679 ||| Stepping ~*~*~tactically~*~*~ (stealth).
 23681 | Lair:5   | 23681 ||| Stepping ~*~*~tactically~*~*~ (stealth).
 23682 | Lair:5   | 23682 ||| INVOKING Berserk.
 23701 | Lair:5   | Reached XP level 14. HP: 140/140 MP: 13/13
 23715 | Lair:5   | HP: 31/140 [basilisk (5)]
 23719 | Lair:5   | HP: 15/140 [basilisk (4)]
 23724 | Lair:5   | HP: 8/140 [death yak (4)]
 23726 | Lair:5   | 23726 ||| READING scroll of teleportation.
 23727 | Lair:5   | HP: 1/140 [death yak (4)]
 23728 | Lair:5   | Slain by a death yak

Levels and vault maps discovered:
D:1:      dpeg_arrival_snail, layout_loops_ring
D:2:      layout_rooms, hellmonk_ecumenical_altar_leap_of_faith
D:3:      minmay_recursive_quarters, layout_basic,
          nicolae_overflow_crystal_walls, nemelex_spade_bored_becter,
          minmay_misc_feat_hallway, uniq_grinder, uniq_natasha, uniq_jessica
D:4:      layout_loops_ring, kennysheep_mini_moat, pf_just_have_faith,
          hangedman_feature_mirror
D:5:      layout_basic, grunt_gozag_breadcrumbs, vehumet_statue,
          mainiacjoe_overflow_paths, minmay_temple_entry_mist
D:6:      layout_basic, mainiacjoe_overflow_six_doors_small,
          kennysheep_flooded_box, uniq_maggie
D:7:      layout_layer_cave, minivault_26
D:8:      layout_loops_cross, dk_xom_monty_hall,
          nicolae_sif_muna_little_library, gammafunk_ghost_gnarly_gnolls
D:9:      layout_irregular_city, grunt_temple_overflow_bloody_war,
          good_gods_mini_temple, serial_shops, nicolae_shop_behind_doors,
          uniq_erolcha, uniq_harold
D:10:     layout_small_grid, mainiacjoe_overflow_24_doors, roderic_batcave
D:11:     layout_basic, erik_lair_dragon, david_orc_4, minmay_nine_imps
Lair:1:   layout_long_grid, beast_lair_carwin_8, lemuel_fruit_fields
Lair:2:   nzn_winding_woodlands_stair_cross
          [nzn_winding_woodlands_5x15_concentric,
          nzn_winding_woodlands_center_diamonds,
          nzn_winding_woodlands_5x15_pool,
          nzn_winding_woodlands_5x5_checkerboard,
          nzn_winding_woodlands_5x5_open_star, nzn_winding_woodlands_5x15_eye,
          nzn_winding_woodlands_center_lodge,
          nzn_winding_woodlands_5x15_sidewinder], layout_regular_city,
          elwin_shoals_entry_rooms, spider_nest_entry_a
Lair:3:   layout_hall_layers, nicolae_lair_lil_pond, uniq_sonja
Lair:4:   layout_loops_ring, special_room [special_room_mythical_zoo],
          grunt_megastairs_1, infiniplex_staircase_pool
Lair:5:   due_jungle_book, layout_cave_pods, minmay_slime_entry_pillars,
          st_stairs_10, chequers_serial_rivers_room_a, minivault_27,
          disabler_island, uniq_snorg

Skill      XL: |  1  2  3  4  5  6  7  8  9 10 11 12 13 |
---------------+----------------------------------------+-----
Axes           | 4 5 6 7 8 9 10 12 14 16 | 16.0
Fighting       | 4 5 6 7 8 10 12 14 17 | 17.0
Armour         | 3 4 6 8 12 14 16 | 16.0
Dodging        | 3 4 6 7 |  7.4
Throwing       | 1 2 3 4 |  4.2

Action                   |  1- 3 |  4- 6 |  7- 9 | 10-12 | 13-15 || total
-------------------------+-------+-------+-------+-------+-------++-------
Melee: Hand axe          |    79 |       |       |       |       ||    79
       Headbutt          |     7 |    11 |    65 |   114 |    93 ||   290
       Punch             |     2 |       |     5 |     6 |     5 ||    18
       War axe           |     3 |    74 |   282 |   515 |   311 ||  1185
       Morningstar       |       |       |       |    19 |     5 ||    24
Throw: Boomerang         |       |       |     4 |    89 |    67 ||   160
Invok: Berserk           |       |     3 |    12 |    26 |    15 ||    56
       Trog's Hand       |       |     1 |       |     1 |       ||     2
       Brothers in Arms  |       |       |       |     3 |       ||     3
  Use: Scroll            |     8 |     3 |     8 |     4 |     3 ||    26
       Potion            |       |     1 |     3 |     2 |     3 ||     9
Armor: Animal skin       |     7 |       |       |       |       ||     7
       Ring mail         |     3 |    18 |     3 |       |       ||    24
       Chain mail        |       |       |    46 |       |       ||    46
       Swamp dragon scal |       |       |    44 |       |       ||    44
       Plate armour      |       |       |     1 |   209 |   198 ||   408
Dodge: Dodged            |    55 |    31 |   130 |   253 |   188 ||   657

Table legend:
 A = Non-vault XP
 B = Vault XP
 C = Vault XP percentage of total XP
 D = Non-vault monster count
 E = Vault monster count
 F = Vault count percentage of total count
                 A         B        C        D         E       F
            +---------+---------+-------+---------+---------+-------
      Total |   48010 |   18396 |  27.7 |     324 |      92 |  22.1
            +---------+---------+-------+---------+---------+-------
        D:1 |      28 |       0 |   0.0 |      13 |       0 |   0.0
        D:2 |      44 |       0 |   0.0 |      17 |       0 |   0.0
        D:3 |     175 |     339 |  66.0 |      15 |       5 |  25.0
        D:4 |     415 |      38 |   8.4 |      29 |       2 |   6.5
        D:5 |     645 |      32 |   4.7 |      15 |       1 |   6.2
        D:6 |     774 |     398 |  34.0 |      17 |       1 |   5.6
        D:7 |     914 |       0 |   0.0 |      27 |       0 |   0.0
        D:8 |    1114 |      44 |   3.8 |      18 |       2 |  10.0
        D:9 |    4075 |    1878 |  31.5 |      32 |       3 |   8.6
       D:10 |    4701 |      70 |   1.5 |      17 |       9 |  34.6
       D:11 |    3777 |    2461 |  39.5 |      12 |      27 |  69.2
     Lair:1 |    5341 |     565 |   9.6 |      27 |       3 |  10.0
     Lair:2 |    4940 |    5324 |  51.9 |      21 |      11 |  34.4
     Lair:3 |    3622 |     785 |  17.8 |       8 |       1 |  11.1
     Lair:4 |   10481 |    5291 |  33.5 |      39 |      25 |  39.1
     Lair:5 |    6964 |    1171 |  14.4 |      17 |       2 |  10.5
            +---------+---------+-------+---------+---------+-------
